 Dungeon Crawl Stone Soup version 0.24.0-123-gd5b16e6ec5 (webtiles) character file.

Game seed: 1856101145422847265, levelgen mode: deterministic

95962 jperry the Severer (level 16, -1/101 HPs)
             Began as a Gargoyle Fighter on Jan 16, 2020.
             Was a High Priest of Trog.
             Slain by a nagaraja
             ... wielding a +0 halberd
              (9 damage)
             ... on level 4 of the Snake Pit.
             The game lasted 01:14:44 (23558 turns).

jperry the Severer (Gargoyle Fighter)              Turns: 23558, Time: 01:14:44

Health: -1/101     AC: 29    Str: 36    XL:     16   Next: 15%
Magic:  25/25      EV: 14    Int: 11    God:    Trog [*****.]
Gold:   1250       SH: 14    Dex: 10    Spells: 15/15 levels left

rFire    + . .     SeeInvis +   k - +4 broad axe (flame)
rCold    x . .     Gourm    .   X - +0 shield {rN+}
rNeg     + + +     Faith    .   U - +2 scale mail {rF+}
rPois    ∞         Spirit   .   O - +1 helmet {SInv}
rElec    +         Reflect  .   M - scarf {repulsion}
rCorr    .         Harm     +   (no gloves)
MR       +....                  P - +2 pair of boots {Fly}
Stlth    ..........             K - amulet "Anlyloz" {Harm *Drain rC- MP+9 Str+5 SInv}
HPRegen  0.26/turn              j - +4 ring of strength
MPRegen  0.19/turn              T - ring of the Octopus King {rN+ AC+1 EV+1 Str+1 Int+1 Dex+1}

@: about to teleport, berserk cooldown, flying, very slightly contaminated,
slowed, invisible, repel missiles, very slow
A: big wings, negative energy resistance 1, electricity resistance, unbreathing,
petrification resistance, rot immunity, AC +12
a: Stop Flying, Berserk, Trog's Hand, Brothers in Arms, Renounce Religion


You were on level 4 of the Snake Pit.
You worshipped Trog.
Trog was extremely pleased with you.
You were hungry.

You visited 3 branches of the dungeon, and saw 22 of its levels.
You also visited: Sewer and Gauntlet.

You collected 1589 gold pieces.
You spent 339 gold pieces at shops.

Inventory:

Hand Weapons
 k - a +4 broad axe of flaming (weapon)
 p - a +4 flail
 y - a +4 war axe of holy wrath
Armour
 M - a scarf of repulsion (worn)
 O - a +1 helmet of see invisible (worn)
 P - a +2 pair of boots of flying (worn)
 U - a +2 scale mail of fire resistance (worn)
 W - a +1 cloak of invisibility
 X - a +0 shield of positive energy (worn)
Jewellery
 i - an uncursed amulet of faith {unknown}
 j - a +4 ring of strength (left hand)
 v - a +2 ring of evasion
 K - the amulet "Anlyloz" (around neck) {Harm *Drain rC- MP+9 Str+5 SInv}
   (You found it on level 6 of the Lair of Beasts)

   [amulet of harm]

   It increases damage dealt and taken.
   It affects your strength (+5).
   It makes you vulnerable to cold.
   It affects your magic capacity (+9).
   It lets you see invisible.
   It causes draining when unequipped.
 T - a ring of the Octopus King (right hand) {rN+ AC+1 EV+1 Str+1 Int+1 Dex+1}
   (You found it on level 1 of the Lair of Beasts)

   [ring of positive energy]

   It affects your AC (+1).
   It affects your evasion (+1).
   It affects your strength (+1).
   It affects your intelligence (+1).
   It affects your dexterity (+1).
   It protects you from negative energy.
 V - an uncursed ring of protection from fire
Wands
 m - a wand of flame (26)
 o - a wand of iceblast (10)
 x - a wand of clouds (11)
 B - a wand of polymorph (16)
 J - a wand of random effects (18)
 N - a wand of acid (10)
 R - a wand of enslavement (10)
Scrolls
 a - 4 scrolls of immolation
 d - 5 scrolls of remove curse
 e - 6 scrolls of teleportation
 g - a scroll of silence {unknown}
 q - 2 scrolls of magic mapping {unknown}
 t - 3 scrolls of enchant armour
 u - a scroll of identify
 w - 2 scrolls of torment {unknown}
 z - a scroll of holy word {unknown}
 D - a scroll of summoning {unknown}
 E - a scroll of enchant weapon {unknown}
 F - a scroll of vulnerability {unknown}
 L - 2 scrolls of blinking
 S - 3 scrolls of fog {unknown}
 Y - a scroll of random uselessness {unknown}
 Z - 2 scrolls of fear {unknown}
Potions
 h - 11 potions of curing
 l - 4 potions of resistance
 n - 2 potions of heal wounds
 r - 2 potions of cancellation
 s - 2 potions of ambrosia
 A - 2 potions of haste {unknown}
 C - a potion of invisibility
 G - a potion of berserk rage {unknown}
 H - a potion of might
 I - a potion of mutation {unknown}
 Q - 7 potions of brilliance
Miscellaneous
 b - a box of beasts
Comestibles
 f - 31 rations


   Skills:
 + Level 11.8 Fighting
 * Level 15.7(16.7) Axes
 - Level 11.0(15.2) Maces & Flails
 + Level 9.9 Armour
 + Level 6.4 Dodging
 + Level 2.1 Stealth
 + Level 13.3 Shields


You had 15 spell levels left.
You didn't know any spells.
Your spell library contained the following spells:

 Spells                   Type           Power        Failure   Level  Hunger
 Ensorcelled Hibernation  Hex/Ice        #.....       73%         2    ###....
 Shroud of Golubria       Chrm/Tloc      #.....       73%         2    ###....
 Gell's Gravitas          Tloc           #.........   91%         3    ####...
 Portal Projectile        Hex/Tloc       #.....       91%         3    ####...
 Force Lance              Conj/Tloc      #.......     100%        4    #####..
 Summon Ice Beast         Ice/Summ       #.......     100%        4    #####..
 Throw Icicle             Conj/Ice       #.......     100%        4    #####..
 Excruciating Wounds      Chrm/Necr      #.........   100%        5    ######.
 Bolt of Cold             Conj/Ice       #.........   100%        6    #######
 Dispersal                Tloc           #.........   100%        6    #######
 Controlled Blink         Tloc           N/A          100%        8    #######
 Disjunction              Tloc           #.........   100%        8    #######


Dungeon Overview and Level Annotations

Branches:
Dungeon (12/15)            Temple (0/1) D:5            Lair (6/6) D:11
 Shoals (0/4) Lair:4        Snake (4/4) Lair:3        Slime (0/5) Lair:6
    Orc (0/2) D:10          Sewer (visited)         Gauntlet (visited)

Altars:
Cheibriados
Elyvilon
Fedhas
Makhleb
Nemelex Xobeh
Okawaru
Qazlal
Ru
Sif Muna
Trog
Vehumet
Wu Jian
Xom
The Shining One

Shops:
D:7 =   D:8 *   D:10 [   D:11 :

Portals:
Hell: Lair:6


Innate Abilities, Weirdness & Mutations

You are resistant to torment.
Your stone body is resilient. (AC +12)
You are immune to poison.
Your large and strong wings let you fly indefinitely.
You resist negative energy. (rN+)
You are resistant to electric shocks. (rElec)
You can survive without breathing.
You are immune to petrification.
You are immune to rotting.


Message History

The bolt hits you but does no damage.
A nagaraja comes into view.
The nagaraja hits you from afar with a +0 halberd!
* * * LOW HITPOINT WARNING * * *
The nagaraja misses you.
Things that are here:
a +0 spear; a +0 robe; a naga corpse You feel better.
The nagaraja hits you but does no damage.
The naga sharpshooter shoots a bolt.
You block the bolt. You block the nagaraja's attack.
The naga sharpshooter gestures wildly while chanting.
The naga sharpshooter magically shoots a bolt.
The bolt hits you!
* * * LOW HITPOINT WARNING * * *
x2 Unknown command.
As you read the scroll of teleportation, it crumbles to dust.
You feel strangely unstable.
The nagaraja hits you from afar with a +0 halberd!
You die...

#..NN..# #......#
#......#
####......######
.......#........#####
..
#........#.......##
..#...)[)N.#@........
......)()NNN().......
####..)?NN#####......
#......# ##...
#......# .. #......#
### #......#
..######.....N#
.............N...


You could see 2 nagarajas, 2 naga sharpshooters and a naga.

Vanquished Creatures
  2 nagarajas (Snake:4)
  Aizul (Snake:2)
  A minotaur (Gauntlet)
  A green death (Gauntlet)
  The ghost of Kyusiynim the Covert, a journeyman GnEn (Lair:4)
  The ghost of Zaegoraum the Carver, a journeyman DsAK of Lugonu (Lair:4)
  A hydra (Lair:6)
  8 naga warriors
  7 anacondas
  4 two-headed ogres
  6 death yaks (Lair:5)
  Erica (D:10)
  8 naga sharpshooters
  2 shock serpents (Snake:2)
  A sixfirhy (Lair:6)
  2 salamander mystics
  2 unseen horrors
  3 naga ritualists (Snake:3)
  A wizard (Lair:6)
  A swamp dragon (Lair:1)
  7 mana vipers
  3 salamanders
  An ugly thing (D:11)
  A moth of wrath (Gauntlet)
  9 elephants
  11 naga magi
  3 guardian serpents
  27 black mambas
  3 merfolk sirens (Lair:4)
  2 orange demons
  15 spiny frogs
  4 rime drakes
  7 komodo dragons
  A hellwing (Lair:6)
  A merfolk (Lair:4)
  3 ice devils (Lair:6)
  2 red devils (Lair:6)
  A polar bear (Lair:6)
  A queen bee (D:10)
  4 trolls
  16 blink frogs
  6 dream sheep (Lair:5)
  5 hippogriffs
  A wraith (D:10)
  3 shadows (Gauntlet)
  A human (D:8)
  2 basilisks
  33 yaks
  3 hogs (D:8)
  29 nagas
  A soldier ant (D:11)
  3 hell hounds (Lair:6)
  12 water moccasins
  8 porcupines
  3 ice beasts
  4 orc warriors
  5 sky beasts
  2 black bears
  A phantom (D:11)
  A centaur (D:5)
  A necrophage (D:5)
  5 ogres
  7 wolves
  10 crocodiles
  2 big kobolds
  16 bullfrogs
  2 gnoll sergeants (D:10)
  4 scorpions
  26 killer bees (D:10)
  7 wights
  5 electric eels
  5 howler monkeys
  A vampire bat (D:8)
  3 crimson imps
  A bullfrog zombie (D:12)
  3 centaur zombies
  4 jellies
  A quasit (D:10)
  8 hounds
  6 orc priests
  A bullfrog skeleton (D:10)
  2 centaur skeletons
  5 orc wizards
  7 worker ants
  An iguana (D:10)
  A howler monkey zombie (D:5)
  19 gnolls
  4 river rats
  14 adders
  An adder zombie (D:10)
  An adder skeleton (D:7)
  3 worms
  A dart slug (D:1)
  6 leopard geckos
  37 orcs
  3 giant cockroaches
  11 hobgoblins
  10 jackals
  3 quokkas
  2 ball pythons
  6 bats
  2 frilled lizards
  A giant cockroach zombie (D:4)
  4 goblins
  12 kobolds
  A leopard gecko zombie (D:6)
  A quokka skeleton (D:4)
  10 rats
  5 fungi
  A plant (Lair:6)
591 creatures vanquished.

Vanquished Creatures (collateral kills)
  6 hydras
  3 elephants (Lair:4)
  A black mamba (Lair:1)
10 creatures vanquished.

Vanquished Creatures (others)
  2 nagas
  An adder (D:11)
  An orc (D:9)
  8 fungi
  2 plants (Lair:6)
14 creatures vanquished.

Grand Total: 615 creatures vanquished

Notes
Turn   | Place    | Note
-------+----------+-------------------------------------------
     0 | D:1      | jperry the Gargoyle Fighter began the quest for the Orb.
     0 | D:1      | Reached XP level 1. HP: 14/14 MP: 1/1
   229 | D:1      | Reached XP level 2. HP: 17/19 MP: 2/2
   508 | D:2      | Reached XP level 3. HP: 13/24 MP: 3/3
   720 | D:2      | Found an ornate altar of the Wu Jian Council.
   967 | D:2      | Reached XP level 4. HP: 22/29 MP: 4/4
  1144 | D:2      | Found a bloodstained altar of Trog.
  1552 | D:3      | Reached XP level 5. HP: 31/33 MP: 5/5
  1653 | D:3      | Found a blossoming altar of Fedhas.
  1653 | D:3      | Found a stormy altar of Qazlal.
  1999 | D:3      | Reached skill level 1 in Dodging
  2025 | D:3      | Found a shimmering altar of Xom.
  2345 | D:2      | Became a worshipper of Trog the Wrathful
  2361 | D:3      | Reached XP level 6. HP: 36/39 MP: 6/6
  3162 | D:4      | Reached XP level 7. HP: 44/44 MP: 7/7
  3444 | D:5      | Entered Level 5 of the Dungeon
  3496 | D:5      | Reached * piety under Trog
  3554 | D:5      | Found a glowing drain.
  3577 | Sewer    | Entered a sewer
  3591 | Sewer    | Reached skill level 5 in Shields
  3684 | Sewer    | Reached skill level 5 in Maces & Flails
  3714 | Sewer    | Found a white marble altar of Elyvilon.
  3878 | D:5      | Reached skill level 5 in Armour
  4004 | D:5      | Reached XP level 8. HP: 35/48 MP: 8/8
  4257 | D:5      | Found a sacrificial altar of Ru.
  4441 | D:5      | Found a staircase to the Ecumenical Temple.
  4751 | D:6      | Reached skill level 5 in Fighting
  4782 | D:6      | Reached ** piety under Trog
  4818 | D:6      | Found a white marble altar of Elyvilon.
  5580 | D:7      | Found Peajaid's Jewellery Emporium.
  5595 | D:7      | Bought a +2 amulet of reflection for 75 gold pieces
  5630 | D:7      | Reached XP level 9. HP: 54/54 MP: 9/9
  5705 | D:7      | Found an iron altar of Okawaru.
  5706 | D:7      | Found a snail-covered altar of Cheibriados.
  5906 | D:7      | Found a radiant altar of Vehumet.
  6273 | D:8      | Found Viala's Assorted Antiques.
  6289 | D:8      | Bought a scroll of identify for 48 gold pieces
  6289 | D:8      | Bought a scroll of identify for 48 gold pieces
  6289 | D:8      | Bought a scroll labeled GEPOM BOUD for 24 gold pieces
  6289 | D:8      | Bought a scroll labeled GEPOM BOUD for 24 gold pieces
  6289 | D:8      | Bought an onyx ring for 120 gold pieces
  6325 | D:8      | Found a stormy altar of Qazlal.
  6425 | D:8      | Reached *** piety under Trog
  6960 | D:8      | Reached XP level 10. HP: 61/61 MP: 10/10
  6980 | D:8      | Found a shimmering blue altar of Sif Muna.
  7563 | D:9      | Noticed a two-headed ogre
  7576 | D:9      | Killed a two-headed ogre
  7790 | D:9      | Reached skill level 10 in Maces & Flails
  7802 | D:9      | Found a sparkling altar of Nemelex Xobeh.
  7981 | D:9      | Found a glowing golden altar of the Shining One.
  8086 | D:10     | Entered Level 10 of the Dungeon
  8326 | D:10     | Noticed Erica
  8342 | D:10     | Killed Erica
  8397 | D:10     | Reached XP level 11. HP: 51/68 MP: 11/11
  8407 | D:10     | Reached **** piety under Trog
  9008 | D:10     | Reached skill level 1 in Axes
  9323 | D:10     | Reached skill level 2 in Axes
  9350 | D:10     | Reached skill level 3 in Axes
  9680 | D:10     | Noticed a two-headed ogre
  9696 | D:10     | Killed a two-headed ogre
  9696 | D:10     | Reached skill level 4 in Axes
  9696 | D:10     | Reached skill level 1 in Stealth
  9719 | D:10     | Reached ***** piety under Trog
  9945 | D:10     | Found Icoyxus's Antique Armour Shop.
 10058 | D:10     | Found a staircase to the Orcish Mines.
 10268 | D:11     | Found Berphauda's Book Shop.
 10308 | D:11     | Reached skill level 5 in Axes
 10345 | D:11     | Found a staircase to the Lair.
 10656 | D:11     | Killed an unseen horror
 10965 | D:11     | Reached skill level 6 in Axes
 11331 | D:11     | Noticed a green ugly thing
 11339 | D:11     | Killed a green ugly thing
 11339 | D:11     | Reached XP level 12. HP: 56/75 MP: 12/12
 11772 | D:12     | Noticed a two-headed ogre
 11773 | D:12     | Noticed a two-headed ogre
 11780 | D:12     | Killed a two-headed ogre
 11780 | D:12     | Reached skill level 7 in Axes
 11789 | D:12     | Killed a two-headed ogre
 11873 | D:12     | Found a gate leading to a gauntlet.
 11909 | Gauntlet | Entered a Gauntlet
 11909 | Gauntlet | Found a transporter.
 11909 | Gauntlet | Found a transporter.
 11931 | Gauntlet | Found a transporter.
 11942 | Gauntlet | Found a transporter.
 11943 | Gauntlet | Found a transporter.
 11954 | Gauntlet | Found a transporter.
 11966 | Gauntlet | Found a runed translucent gate.
 11967 | Gauntlet | Found a transporter.
 11967 | Gauntlet | Found a runed translucent gate.
 11968 | Gauntlet | Found a runed translucent gate.
 11969 | Gauntlet | Noticed a green death
 11981 | Gauntlet | Found a transporter.
 11985 | Gauntlet | Found a transporter.
 11993 | Gauntlet | Found a transporter.
 11997 | Gauntlet | Found a transporter.
 12021 | Gauntlet | Found a transporter.
 12351 | Gauntlet | Reached skill level 10 in Shields
 12495 | Gauntlet | Killed a green death
 12495 | Gauntlet | Reached skill level 8 in Axes
 12545 | Gauntlet | Noticed a minotaur
 12563 | Gauntlet | Killed a minotaur
 12602 | Gauntlet | Identified Vaem's Tome of the Helpful Snowflakes
 12820 | Lair:1   | Entered Level 1 of the Lair of Beasts
 13027 | Lair:1   | Received a gift from Trog
 13044 | Lair:1   | Found a transporter.
 13045 | Lair:1   | Found the ring of the Octopus King
 13051 | Lair:1   | Noticed a six-headed hydra
 13275 | Lair:1   | Found a transporter.
 13289 | Lair:1   | Reached skill level 9 in Axes
 13455 | Lair:1   | Killed an eight-headed hydra
 13637 | Lair:1   | Reached XP level 13. HP: 80/80 MP: 13/13
 14083 | Lair:1   | Reached skill level 10 in Axes
 14109 | Lair:1   | Got a ring of the Octopus King
 14505 | Lair:2   | Reached skill level 5 in Dodging
 15356 | Lair:3   | Identified a ring of the Octopus King {rN+ AC+1 EV+1 Str+1
                  | Int+1 Dex+1} (You found it on level 1 of the Lair of
                  | Beasts)
 15469 | Lair:3   | Found a staircase to the Snake Pit.
 15644 | Lair:3   | You are sucked into a shaft and drop 2 floors!
 15652 | Lair:4   | Reached skill level 11 in Axes
 16106 | Lair:4   | Found a staircase to the Shoals.
 16249 | Lair:4   | Found a runed translucent gate.
 16249 | Lair:4   | Found a runed translucent gate.
 16251 | Lair:4   | Found a runed translucent gate.
 16252 | Lair:4   | Noticed Zaegoraum's ghost (journeyman DsAK)
 16252 | Lair:4   | Noticed Kyusiynim's ghost (journeyman GnEn)
 16288 | Lair:4   | Killed Kyusiynim's ghost
 16292 | Lair:4   | Killed Zaegoraum's ghost
 16335 | Lair:4   | Reached skill level 10 in Fighting
 16966 | Lair:5   | Reached skill level 12 in Axes
 17117 | Lair:5   | Gained mutation: Your large and strong wings let you fly
                  | indefinitely. [Gargoyle growth]
 17117 | Lair:5   | Reached XP level 14. HP: 48/88 MP: 14/14
 18266 | Lair:6   | Entered Level 6 of the Lair of Beasts
 18473 | Lair:6   | Reached skill level 13 in Axes
 18944 | Lair:6   | Found a staircase to the Slime Pits.
 19102 | Lair:6   | Received a gift from Trog
 19275 | Lair:6   | Found a burning altar of Makhleb.
 19296 | Lair:6   | Received a gift from Trog
 19326 | Lair:6   | Found a gateway to Hell.
 19334 | Lair:6   | Got a fine golden amulet
 19462 | Lair:6   | Identified the amulet "Anlyloz" {Harm *Drain rC- MP+9 Str+5
                  | SInv} (You found it on level 6 of the Lair of Beasts)
 19793 | Snake:1  | Entered Level 1 of the Snake Pit
 20146 | Snake:1  | Reached XP level 15. HP: 90/93 MP: 15/15
 20236 | Snake:1  | Reached skill level 14 in Axes
 21058 | Snake:2  | Noticed Aizul
 21068 | Snake:2  | Killed Aizul
 21610 | Snake:3  | Reached skill level 15 in Axes
 22846 | Snake:4  | Entered Level 4 of the Snake Pit
 23417 | Snake:4  | Reached XP level 16. HP: 90/101 MP: 16/16
 23506 | Snake:4  | Noticed a nagaraja
 23507 | Snake:4  | Noticed a nagaraja
 23517 | Snake:4  | Killed a nagaraja
 23523 | Snake:4  | Killed a nagaraja
 23524 | Snake:4  | Noticed a nagaraja
 23546 | Snake:4  | Received a gift from Trog
 23556 | Snake:4  | Noticed a nagaraja
 23558 | Snake:4  | Slain by a nagaraja

Levels and vault maps discovered:
D:1:      scummos_arrival_hexagon, layout_rooms
D:2:      layout_loops_ring, overflow_temple_1_default,
          nicolae_overflow_hidden_temple
D:3:      layout_basic, grunt_temple_overflow_forces_of_nature,
          overflow_temple_1_default, first_ration
D:4:      layout_loops_ring
D:5:      layout_basic, nicolae_ru_awakened_eye, temple_hall,
          portal_sewer_entry_b
D:6:      layout_loops_ring, elyvilon_altar_3
D:7:      layout_rooms, marbit_many_paths, gammafunk_temple_overflow_statue,
          serial_shops, shop_fountains
D:8:      layout_loops_corners, kennysheep_little_box, serial_shops,
          nicolae_shop_statue_plus, grunt_livestock, roderic_batcave,
          grunt_qazlal_clouds
D:9:      layout_gridville, lemuel_doored_altar,
          nemelex_xobeh_ov_fountains_minmay
D:10:     layout_basic, orc_0_dummy, serial_shops, shop, minivault_7, uniq_erica
D:11:     layout_basic, erik_lair_island, serial_shops,
          nicolae_shop_temple_entry_statues_fountains,
          minmay_misc_feat_diagonals
D:12:     layout_big_octagon, gauntlet_entry_generic
Lair:1:   gammafunk_cloud_chamber, layout_long_grid, beast_lair_carwin_3
Lair:2:   layout_small_grid, grunt_megastairs_1
Lair:3:   layout_layer_cave, guppyfry_snake_entry_garden
Lair:4:   layout_loops_ring, elwin_shoals_entry_stream, gammafunk_ghost_cemetery
Lair:5:   layout_gridlike, beast_lair_carwin_5
Lair:6:   evil_forest, layout_loops_ring, slime_dummy
Snake:1:  layout_cave_shapes, grunt_ministairs_6
Snake:2:  layout_misc_corridors, uniq_aizul
Snake:3:  layout_layer_cave, grunt_ministairs_2, hangedman_venom_bottle
Snake:4:  minmay_snake_end_coiled, layout_cave_town

Skill      XL: |  1  2  3  4  5  6  7  8  9 10 11 12 13 14 15 |
---------------+----------------------------------------------+-----
Armour         | 4 5 6 7 8 9 |  9.9
Shields        | 4 5 6 7 8 9 10 11 12 13 | 13.3
Fighting       | 4 5 6 8 9 10 11 | 11.8
Maces & Flails | 3 4 5 7 9 10 11 | 11.0
Dodging        | 1 2 3 4 5 6 |  6.4
Axes           | 6 9 12 13 15 | 15.7
Stealth        | 1 2 |  2.1

Action                   |  1- 3 |  4- 6 |  7- 9 | 10-12 | 13-15 | 16-18 || total
-------------------------+-------+-------+-------+-------+-------+-------++-------
Melee: Flail             |   125 |    80 |       |       |     5 |       ||   210
       Morningstar       |       |   121 |   417 |   276 |       |       ||   814
       War axe           |       |       |       |   498 |   674 |       ||  1172
       Broad axe         |       |       |       |       |   342 |    37 ||   379
Invok: Berserk           |       |       |     2 |     6 |     5 |     1 ||    14
       Trog's Hand       |       |       |       |     4 |     1 |       ||     5
       Brothers in Arms  |       |       |       |     2 |     5 |       ||     7
  Use: Scroll            |     1 |     2 |     6 |    10 |    12 |     1 ||    32
       Potion            |       |       |       |     4 |     3 |     3 ||    10
  Eat: Chunk             |       |     8 |    10 |    18 |    23 |       ||    59
       Ration            |       |       |     1 |     4 |     5 |       ||    10
Armor: Scale mail        |    60 |   100 |   194 |   237 |   357 |    24 ||   972
       Chain mail        |       |       |       |    84 |    31 |       ||   115
Dodge: Dodged            |    31 |    81 |   143 |   371 |   389 |    26 ||  1041
       Deflected         |       |       |       |     1 |    43 |     9 ||    53
Block: Shield            |    76 |   117 |   232 |   590 |   739 |    38 ||  1792
       Reflection        |       |       |       |     2 |     1 |       ||     3
